 Dungeon Crawl Stone Soup version 0.28.0-43-g3370ac3207 (console) character file.

Game seed: 1816727053490981778

460 Zeor the Magician (level 7, 0/50 HPs)
             Began as a Djinni Cinder Acolyte on Mar 23, 2022.
             Was a High Priest of Ignis.
             Slain by Pikel
             ... wielding a +0 whip of freezing
              (3 damage)
             ... on level 4 of the Dungeon.
             The game lasted 00:07:02 (3887 turns).

Zeor the Magician (Djinni Cinder Acolyte)           Turns: 3887, Time: 00:07:03

Health: 0/50       AC: 11    Str: 13    XL:     7   Next: 28%
Gold:   115        EV: 11    Int: 17    God:    Ignis [*****.] SH:  3 Dex:  9

rFire   + + +      SeeInvis .   a - -1 falchion (flame)
rCold   x . .      Faith    .   e - +0 buckler
rNeg    . . .      Spirit   .   b - +0 robe
rPois   ∞          Reflect  .   h - +0 helmet
rElec   .          Harm     .   g - +0 cloak
rCorr   .          Rampage  .   (no gloves)
Will    .....                   (boots unavailable)
Stlth   +.........              (no amulet)
HPRegen 0.16/turn               (no ring)
MPRegen 0.00/turn               (no ring)

@: fiery-armoured, flying
A: sickness immunity, fire resistance 2, cold vulnerability 1, float, innate
caster, HP casting, extra vitality 1
a: Renounce Religion, Fiery Armour, Foxfire Swarm, Rising Flame


You were on level 4 of the Dungeon.
You worshipped Ignis.
Ignis was extremely pleased with you.
You visited 1 branch of the dungeon, and saw 4 of its levels.

You collected 115 gold pieces.

Inventory:

Hand Weapons
 a - a -1 falchion of flaming (weapon)
Missiles
 f - 5 curare-tipped darts
Armour
 b - a +0 robe (worn)
 e - a +0 buckler (worn)
 g - a +0 cloak (worn)
 h - a +0 helmet (worn)
Magical Staves
 c - a staff of death
Scrolls
 j - a scroll of blinking {unknown}
Potions
 d - 3 potions of curing {unknown}
 i - 3 potions of mutation {unknown}


   Skills:
 + Level 3.3 Fighting
 + Level 3.2 Long Blades
 + Level 0.7 Dodging
 + Level 0.2 Stealth
 + Level 0.1 Shields
 * Level 5.5 Spellcasting


You had 9 spell levels left.
You knew the following spells:

 Your Spells              Type           Power      Damage    Failure   Level
a - Scorch                Fire           46%        2d7       2%          2
b - Sandblast             Erth           46%        2d11      1%          1
c - Blink                 Tloc           46%        N/A       2%          2
d - Swiftness             Air            23%        N/A       5%          3
Your spell library was empty.

Dungeon Overview and Level Annotations

Branches:
Dungeon (4/15)
 Temple: D:4-7

Altars:
Elyvilon

Annotations:
D:3 3 runed translucent doors, nickcage's ghost, amateur GrFi
D:4 Pikel


Innate Abilities, Weirdness & Mutations

You are immune to sickness and miasma.
You are immune to poison.
Your flesh is very heat resistant. (rF++)
You are vulnerable to cold. (rC-)
You float through the air rather than walking.
You learn spells naturally, not from books.
Your magical power is your life essence.
You have superior vitality. (+4 MHP)


Message History

Press: ? - help, Q - select action, (/) - cycle Dir - look around, f - activate Flames lash the lemure.
The lemure is burned terribly!
The lemure is heavily wounded.
The hobgoblin misses you.
Casting: Scorch (safe; 2% risk of failure)
Press: ? - help, Q - select action, (/) - cycle Dir - look around, f - activate Flames lash the lemure.
The lemure is burned terribly!
You kill the lemure!
That felt strangely unrewarding.
A lemure comes into view.
The hobgoblin hits you.
The hobgoblin is burned by your cloak of flames.
You kill the hobgoblin!
You barely miss Pikel.
Pikel is severely wounded.
Pikel hits you with a +0 whip of freezing!
* * * LOW HITPOINT WARNING * * *
Pikel freezes you.
* * * LOW HITPOINT WARNING * * *
Pikel is burned terribly!
Pikel is burned by your cloak of flames.
Pikel is almost dead.
A hobgoblin comes into view.
Casting: Scorch (safe; 2% risk of failure)
Press: ? - help, Q - select action, (/) - cycle Dir - look around, f - activate Flames lash the hobgoblin.
The hobgoblin is moderately wounded.
The hobgoblin's fire resistance burns away.
* * * LOW HITPOINT WARNING * * *
Pikel closely misses you.
Casting: Scorch (safe; 2% risk of failure)
Press: ? - help, Q - select action, (/) - cycle Dir - look around, f - activate Flames lash the lemure.
The lemure is moderately wounded.
The lemure's fire resistance burns away.
* * * LOW HITPOINT WARNING * * *
Pikel hits you with a +0 whip of freezing.
* * * LOW HITPOINT WARNING * * *
Pikel freezes you.
You die...

▒ ▒
▒∙∙∙▒g▒▒▒
▒∙∙∙∙5KR▒
∙∙∙▒▒∙▒▒▒
∙∙ ∙∙∙
∙∙∙ ∙∙ ∙


You could see Pikel (combustible), a lemure (combustible) and a hobgoblin
(combustible).

Vanquished Creatures
  Grinder (D:3)
  Sigmund (D:2)
  3 lemures (D:4)
  3 adders
  4 worms (D:2)
  4 orcs (D:3)
  A bat (D:1)
  An endoplasm (D:3)
  4 giant cockroaches
  3 goblins
  9 hobgoblins
  8 kobolds
  A quokka (D:2)
  10 ball pythons
  2 frilled lizards
  5 rats
60 creatures vanquished.

Vanquished Creatures (others)
  A fungus (D:2)
1 creature vanquished.

Grand Total: 61 creatures vanquished

Notes
Turn   | Place    | Note
-------+----------+-------------------------------------------
     0 | D:1      | Zeor the Djinni Cinder Acolyte began the quest for the Orb.
     0 | D:1      | Reached XP level 1. HP: 20/20 MP: 0/0
   171 | D:1      | Found a faded altar of an unknown god.
   184 | D:1      | Reached XP level 2. HP: 7/25 MP: 0/0
   993 | D:1      | Reached XP level 3. HP: 23/30 MP: 0/0
   993 | D:1      | Learned a level 1 spell: Sandblast
  1297 | D:2      | Reached skill level 3 in Spellcasting
  1551 | D:2      | Reached XP level 4. HP: 20/35 MP: 0/0
  1829 | D:2      | Noticed Sigmund
  1851 | D:2      | Killed Sigmund
  1852 | D:2      | Reached skill level 4 in Spellcasting
  1852 | D:2      | Reached XP level 5. HP: 9/40 MP: 0/0
  1852 | D:2      | Learned a level 2 spell: Blink
  1852 | D:2      | Reached XP level 6. HP: 10/46 MP: 0/0
  2859 | D:3      | Found a white marble altar of Elyvilon.
  3095 | D:3      | Noticed Grinder
  3104 | D:3      | Paralysed by Grinder for 5 turns
  3107 | D:3      | Killed Grinder
  3108 | D:3      | Reached skill level 5 in Spellcasting
  3108 | D:3      | Reached XP level 7. HP: 34/50 MP: 0/0
  3108 | D:3      | Learned a level 3 spell: Swiftness
  3236 | D:3      | Noticed nickcage's ghost (amateur GrFi)
  3241 | D:3      | Found a runed translucent gate.
  3241 | D:3      | Found a runed translucent gate.
  3241 | D:3      | Found a runed translucent gate.
  3874 | D:4      | Noticed Pikel
  3887 | D:4      | Slain by Pikel

Illustrated notes

Levels and vault maps discovered:
D:1:      amcnicky_arrival_double_pillar, layout_basic,
          chequers_ecumenical_altar_island, hangedman_abyss_or_decor_lesser_grid
D:2:      wad_pebble_path, layout_basic, minmay_shallow_snake_nest, uniq_sigmund
D:3:      layout_loops_corners, nicolae_elyvilon_peaceful_grove,
          gammafunk_ghost_split, uniq_grinder
D:4:      layout_basic, serial_shops, nicolae_shop_crystal,
          gammafunk_ghost_cemetery, chequers_serial_rivers_micro_a, uniq_pikel,
          uniq_pargi, uniq_natasha, uniq_robin

Skill      XL: |  1  2  3  4  5  6 |
---------------+-------------------+-----
Spellcasting   | 3 4 5 |  5.5
Long Blades    | 3 |  3.2
Fighting       | |  3.3
Dodging        | |  0.7
Stealth        | |  0.2
Shields        | |  0.1

Action                   |  1- 3 |  4- 6 |  7- 9 || total
-------------------------+-------+-------+-------++-------
Melee: Falchion          |    27 |    17 |     6 ||    50
 Cast: Scorch            |    32 |    32 |    18 ||    82
Invok: Fiery Armour      |       |     2 |     1 ||     3
  Use: Potion            |       |     3 |       ||     3
Armor: Robe              |     5 |     9 |     3 ||    17
Dodge: Dodged            |    21 |    16 |     7 ||    44
Block: Buckler           |       |     1 |     2 ||     3
